 Dungeon Crawl Stone Soup version 0.15-a0-2374-gaadabb3 (webtiles) character file.

931 Ololoev the Quickloader (level 7, -6/52 HPs)
             Began as a Centaur Hunter on Aug 1, 2014.
             Mangled by a sixfirhy (8 damage)
             ... on Level 1 of the Abyss.
             The game lasted 00:21:52 (7879 turns).

Ololoev the Quickloader (Centaur Hunter)            Turns: 7879, Time: 00:21:52

HP  -6/52        AC 10     Str 15      XL: 7   Next: 86%
MP   5/5         EV  7     Int 10      God:
Gold 311         SH  0     Dex 11      Spells:  1 memorised,  3 levels left

rFire  . . .     SeeInvis .     b - +1 hand crossbow
rCold  . . .     Clarity  .     k - +2 ring mail {MR+}
rNeg   . . .     rCorr    .     (no shield)
rPois  .         rRot     .     (no helmet)
rElec  .         Spirit   .     (no cloak)
SustAb +         Warding  .     g - +2 pair of gloves
rMut   .         Stasis   .     (no barding)
Gourm  .                        (no amulet)
MR     +....                    (no ring)
                                d - ring of sustain abilities

@: wreathed by umbra, very quick, somewhat resistant to hostile enchantments,
extremely unstealthy
A: hooves 3, deformed body, deterioration 1, speed 2, tough skin 3
a: no special abilities


You were on level 1 of the Abyss.
You were not hungry.

You visited 1 branch of the dungeon, and saw 5 of its levels.
You visited the Abyss 1 time.
You also visited: Sewer.

You collected 311 gold pieces.

Inventory:

Hand weapons
 b - a +1 hand crossbow (weapon)
 s - a +1 dagger of draining
 u - a +0 flail of distortion
Missiles
 c - 76 bolts (quivered)
Armour
 g - a +2 pair of gloves (worn)
 k - a +2 ring mail of magic resistance (worn)
Comestibles
 f - a bread ration
 q - 3 meat rations
Scrolls
 e - a scroll of fog
 h - 4 scrolls of remove curse
 j - 2 scrolls of amnesia
Jewellery
 d - a ring of sustain abilities (left hand)
Potions
 a - a potion of mutation {unknown}
 i - 4 potions of heal wounds
 l - a potion of curing {unknown}
 m - 2 potions of resistance
 n - a potion of agility {unknown}
 o - a potion of flight {unknown}


   Skills:
 - Level 1.0 Fighting
 + Level 10.7 Crossbows
 - Level 1.3 Dodging
 - Level 0.5 Stealth


You had 3 spell levels left.
You knew the following spells:

 Your Spells              Type           Power        Failure   Level  Hunger
a - Flight                Chrm/Air       #.........   97%         3    ####...


Dungeon Overview and Level Annotations

Branches:
Dungeon (5/15)
 Temple: D:4-7

Altars:
Ashenzari
Sif Muna
Trog


Innate Abilities, Weirdness & Mutations

You have hooves in place of feet.
Armour fits poorly on your strangely shaped body.
You cover ground very quickly.
You have extremely tough skin (AC +3).
Your body is slowly deteriorating.


Message History

The raiju barks!
The raiju bursts into living lightning!
The living lightning hits you!
The raiju blinks!
The raiju bites you. The raiju shocks you!
You see here a ring mail.
Found a gateway leading deeper into the Abyss.
A profane servitor comes into view. It is wielding a glowing whip.
The profane servitor hits you with a glowing whip.
* * * LOW HITPOINT WARNING * * *
The profane servitor hits you but does no damage.
There is a gateway leading deeper into the Abyss here.
A sixfirhy comes into view.
An ice dragon zombie comes into view.
A small abomination comes into view.
The sixfirhy hits you.
* * * LOW HITPOINT WARNING * * *
The sixfirhy shocks you!
* * * LOW HITPOINT WARNING * * *
The sixfirhy hits you!
You die...

#.#.#......#....#
......###... ..# ..
#....#...##.##
#...#..##.##.#.#.###
#.......#...#.#.. ##
. #........##.#. #
h#.# ##
##.#.##.A.Z#.#. #.
.#
#...4###..#....>.##.
#...@# #ยง#.#. #h #
#x.##...##. ..#.##.
# ###
.....##....#..#h.
...#.... .#. .#.##
##..##.##.#. .. ...
.### .# ... .. .#. #
. #. ...# # # . #..
#### ..


You could see a profane servitor, a sixfirhy and a small abomination.

Vanquished Creatures
  The ghost of Charly the Ruffian, an average VSMo (D:4)
  Purgy (Sewer)
  3 ogres
  A scorpion (D:5)
  2 orc wizards (D:4)
  An orc priest (D:4)
  3 worker ants
  4 gnolls (D:5)
  A shadow imp (D:5)
  8 adders
  3 giant mites (D:3)
  3 worms
  2 giant geckos
  An ooze (D:2)
  7 orcs
  7 giant cockroaches
  13 goblins
  10 hobgoblins
  4 jackals
  2 quokkas
  A ball python (D:3)
  12 bats
  A giant cockroach zombie (D:3)
  A giant gecko skeleton (D:5)
  4 giant newts
  2 goblin skeletons
  18 kobolds
  An orc zombie (D:3)
  16 rats
133 creatures vanquished.

Notes
Turn   | Place    | Note
--------------------------------------------------------------
     0 | D:1      | Ololoev, the Centaur Hunter, began the quest for the Orb.
     0 | D:1      | Reached XP level 1. HP: 16/16 MP: 1/1
   337 | D:1      | Reached XP level 2. HP: 21/23 MP: 2/2
   344 | D:1      | Reached skill level 5 in Crossbows
  1050 | D:2      | Reached XP level 3. HP: 28/28 MP: 3/3
  2398 | D:2      | Reached skill level 6 in Crossbows
  2560 | D:2      | Found a deep blue altar of Sif Muna.
  2648 | D:3      | Reached XP level 4. HP: 28/35 MP: 3/3
  2653 | D:3      | Found a shattered altar of Ashenzari.
  2781 | D:3      | Noticed a moth of wrath
  2782 | D:3      | Found a bloodstained altar of Trog.
  3071 | D:3      | Found a glowing drain.
  3089 | D:3      | Reached skill level 7 in Crossbows
  3089 | D:3      | Reached XP level 5. HP: 14/40 MP: 4/4
  3104 | Sewer    | Entered a sewer
  3465 | Sewer    | Noticed Purgy
  3483 | Sewer    | Killed Purgy
  3889 | D:3      | Noticed an ogre
  3920 | D:3      | Killed an ogre
  3920 | D:3      | Reached skill level 8 in Crossbows
  3920 | D:3      | Reached XP level 6. HP: 9/47 MP: 5/5
  4368 | D:4      | Noticed Charly's ghost (average VSMo)
  4401 | D:4      | Killed Charly's ghost
  4401 | D:4      | Reached skill level 9 in Crossbows
  4529 | D:4      | Reached XP level 7. HP: 49/52 MP: 5/5
  5337 | D:4      | Reached skill level 10 in Crossbows
  5497 | D:5      | Entered Level 5 of the Dungeon
  5584 | D:5      | Learned a level 3 spell: Flight
  6803 | D:5      | Gained mutation: Your body is slowly deteriorating. [mutagenic glow]
  7792 | D:5      | Cast into the Abyss (a distortion unwield)
  7855 | Abyss:1  | Noticed a raiju
  7863 | Abyss:1  | Noticed a profane servitor
  7874 | Abyss:1  | Noticed a sixfirhy
  7875 | Abyss:1  | Noticed an ice dragon zombie
  7878 | Abyss:1  | HP: 2/52 [sixfirhy (9)]
  7879 | Abyss:1  | Mangled by a sixfirhy

Action                   |  1- 3 |  4- 6 |  7- 9 || total
-------------------------+-------+-------+-------++-------
Melee: Short sword       |   139 |   153 |       ||   292
       Dagger            |       |    19 |   133 ||   152
 Fire: Hand crossbow     |    16 |    39 |    11 ||    66
Evoke: Wand              |       |       |     1 ||     1
  Use: Scroll            |     4 |     2 |     2 ||     8
       Potion            |       |     1 |       ||     1
  Eat: Chunk             |     1 |     4 |     5 ||    10
       Bread ration      |     1 |       |     1 ||     2
       Royal jelly       |       |       |     1 ||     1
       Fruit             |       |       |     1 ||     1
